 Dungeon Crawl Stone Soup version 0.28.0-53-g5a82cb258f (webtiles) character file.

Game seed: 8272923817963275584

21 ILmort the Cutter (level 3, 29/29 HPs)
             Began as a Human Berserker on Aug 1, 2022.
             Was a Follower of Trog.
             Quit the game on level 1 of the Dungeon.
             The game lasted 00:04:34 (1203 turns).

ILmort the Cutter (Human Berserker)                 Turns: 1203, Time: 00:04:35

Health: 29/29      AC:  2    Str: 19    XL:     3   Next: 5%
Magic:  3/3        EV: 12    Int:  7    God:    Trog [*.....]
Gold:   21         SH:  0    Dex: 12    Spells: 2/2 levels left

rFire   . . .      SeeInvis .   a - +0 short sword
rCold   . . .      Faith    .   (no shield)
rNeg    . . .      Spirit   .   b - +0 animal skin
rPois   .          Reflect  .   (no helmet)
rElec   .          Harm     .   (no cloak)
rCorr   .          Rampage  .   (no gloves)
Will    +....                   (no boots)
Stlth   +.........              (no amulet)
HPRegen 0.09/turn               c - ring of willpower
MPRegen 0.08/turn               (no ring)

@: no status effects
A: no striking features
a: Renounce Religion, Berserk


You were on level 1 of the Dungeon.
You worshipped Trog.
Trog was aware of your devotion.
You visited 1 branch of the dungeon, and saw 1 of its levels.

You collected 21 gold pieces.

Inventory:

Hand Weapons
 a - a +0 short sword (weapon)
Armour
 b - a +0 animal skin (worn)
Jewellery
 c - a ring of willpower (left hand)


   Skills:
 + Level 3.4 Fighting
 + Level 3.4 Short Blades
 + Level 2.1 Armour
 + Level 2.1 Dodging


You had 2 spell levels left.
You didn't know any spells.
Your spell library contained the following spells:

 Spells                   Type           Power      Damage    Failure   Level
 Ignite Poison            Fire/Tmut/Pois 0%         N/A       80%         3
 Mephitic Cloud           Conj/Pois/Air  0%         N/A       80%         3
 Freezing Cloud           Conj/Ice/Air   0%         6-21      100%        5


Dungeon Overview and Level Annotations

Branches:
Dungeon (1/15)

Altars:


Message History

The slug dart hits you.
You hit the dart slug but do no damage.
The dart slug is heavily wounded.
The dart slug completely misses you.
You hit the dart slug. You punch the dart slug.
You kill the dart slug!
Trog accepts your kill.
You have reached level 3!
Your experience leads to an increase in your attributes!
Increase (S)trength, (I)ntelligence, or (D)exterity?
You feel stronger. x2
The ball python bites you but does no damage.
The ball python barely misses you.
You barely miss the ball python. The ball python barely misses you.
The ball python closely misses you.
You hit the ball python but do no damage.
The ball python completely misses you. The ball python grabs you.
The ball python constricts you.
You hit the ball python.
The ball python is severely wounded.
The ball python completely misses you. The ball python constricts you.
You hit the ball python.
You kill the ball python!
Trog accepts your kill.
You see here 26 arrows.
HP restored.
Found a stone staircase leading down.
Found 25 stones.
A quokka comes into view.
A quokka is nearby!
A quokka is nearby!
Unknown command.
Welcome back, ILmort the Human Berserker.
Trog says: Kill them all!
Press ? for a list of commands and other information.
Are you sure you want to abandon this character and quit the game? (Confirm with "yes".)
Okay, then.
Unknown command.
Unknown command.
Are you sure you want to abandon this character and quit the game? (Confirm with "yes".)

.# .# ... .# ..###+#
.+ .....# .# ....## .+
.... .# ..# # ...
###.##.#.#r ..#
########..@....... ...
............>..(#. ...
##########..........
#.#
#..........##.##....
###...................
+.............#.###...
#......##+###.#.# .
#....####.# .#.#
#.........# .#


You could see a quokka (asleep).

Vanquished Creatures
  2 dart slugs (D:1)
  A bat (D:1)
  An endoplasm (D:1)
  3 hobgoblins (D:1)
  4 jackals (D:1)
  A quokka (D:1)
  2 ball pythons (D:1)
  A goblin (D:1)
15 creatures vanquished.

Notes
Turn   | Place    | Note
-------+----------+-------------------------------------------
     0 | D:1      | ILmort the Human Berserker began the quest for the Orb.
     0 | D:1      | Reached XP level 1. HP: 18/18 MP: 1/1
   252 | D:1      | Reached XP level 2. HP: 10/24 MP: 2/2
   464 | D:1      | HP: 1/24 [jackal (1)]
  1021 | D:1      | Reached XP level 3. HP: 15/29 MP: 3/3
  1203 | D:1      | Quit the game

Illustrated notes

Levels and vault maps discovered:
D:1:      dpeg_arrival_erosion, layout_basic,
          hellmonk_ecumenical_altar_leap_of_faith, kennysheep_decorative_pillar,
          minmay_surrounded

Action                   || total
-------------------------++-------
Melee: Short sword       ||    54
       Punch             ||     1
Armor: Animal skin       ||    24
Dodge: Dodged            ||    62
